 Dungeon Crawl Stone Soup version 0.18-a0-1041-gbe91bf5 (webtiles) character file.

674 dvd the Chiller (level 7, -1/44 HPs)
             Began as an Octopode Ice Elementalist on Jan 10, 2016.
             Was an Initiate of Sif Muna.
             Slain by a two-headed ogre
             ... wielding a +0 giant club
              (24 damage)
             ... on level 5 of the Dungeon.
             The game lasted 00:14:50 (4538 turns).

dvd the Chiller (Octopode Ice Elementalist)         Turns: 4538, Time: 00:14:50

Health: -1/44      AC:  7    Str:  8    XL:     7   Next: 59%
Magic:  5/13       EV: 13    Int: 19    God:    Sif Muna [......]
Gold:   225        SH:  0    Dex: 12    Spells: 4 memorised, 4 levels left

rFire  . . .     SeeInvis .     B - +2 quarterstaff (chaos)
rCold  . . .     Gourm    .     (shield currently unavailable)
rNeg   . . .     Faith    .     (helmet restricted)
rPois  +         Spirit   .     (no amulet)
rElec  .         Dismiss  .     l - ring of poison resistance
rCorr  .         Reflect  .     (no ring)
SustAt .         Harm     .     (no ring)
MR     .....                    (no ring)
Stlth  ++++......               (no ring)
                                (no ring)
                                (no ring)
                                (no ring)

@: icy armour, not resistant to hostile enchantments, stealthy
A: almost no armour, amphibious, 8 rings, constrict 8, camouflage 1, gelatinous
body 1
a: Renounce Religion


You were on level 5 of the Dungeon.
You worshipped Sif Muna.
Sif Muna was noncommittal.
You were not hungry.

You visited 1 branch of the dungeon, and saw 5 of its levels.

You collected 225 gold pieces.

Inventory:

Hand Weapons
 n - a +0 short sword
 y - a +0 rapier
 B - a +2 quarterstaff of chaos (weapon)
 C - a +0 flail of protection
Jewellery
 l - a ring of poison resistance (left tentacle)
Wands
 w - a wand of slowing (21/48)
Scrolls
 c - 2 scrolls of fear {unknown}
 e - 7 scrolls of identify {unknown}
 f - a scroll of immolation {unknown}
 i - 6 scrolls of remove curse {unknown}
 k - 2 scrolls of noise {unknown}
 o - 2 scrolls of teleportation {unknown}
 p - a scroll of random uselessness {unknown}
 v - a scroll of enchant weapon {unknown}
 x - a scroll of recharging {unknown}
Potions
 g - 2 potions of cure mutation {unknown}
 h - 2 potions of cancellation {unknown}
 j - 3 potions of resistance
 q - a potion of degeneration {unknown}
 r - 4 potions of curing {unknown}
 s - a potion of mutation {unknown}
 t - a potion of agility {unknown}
 z - a potion of might {unknown}
Books
 a - a book of Frost

   Spells                             Type                      Level
   a - Freeze                         Ice                          1
   b - Throw Frost                    Conjuration/Ice              2
   c - Ozocubu's Armour               Charms/Ice                   3
   d - Throw Icicle                   Conjuration/Ice              4
   e - Summon Ice Beast               Ice/Summoning                4
   f - Condensation Shield            Ice                          4
Comestibles
 b - 7 bread rations
 d - a beef jerky
 m - 2 slices of pizza
 u - 4 chunks of flesh
 A - 2 fruits


   Skills:
 + Level 1.7 Fighting
 + Level 1.1 Short Blades
 + Level 0.6 Staves
 + Level 3.0 Dodging
 + Level 5.4 Stealth
 + Level 0.6 Unarmed Combat
 * Level 4.1 Spellcasting
 + Level 1.4 Conjurations
 + Level 0.6 Charms
 * Level 5.4 Ice Magic


You had 4 spell levels left.
You knew the following spells:

 Your Spells              Type           Power        Failure   Level  Hunger
a - Freeze                Ice            ###.         1%          1    None
b - Throw Frost           Conj/Ice       ###...       8%          2    ##.....
c - Ozocubu's Armour      Chrm/Ice       ###.....     12%         3    ###....
d - Condensation Shield   Ice            ###.......   17%         4    ####...


Dungeon Overview and Level Annotations

Branches:
Dungeon (5/15)
 Temple: D:4-7

Altars:
Okawaru
Sif Muna
Trog


Innate Abilities, Weirdness & Mutations

You cannot wear most types of armour.
You are amphibious.
You can wear up to eight rings at the same time.
You can use your tentacles to constrict eight enemies at once.
Your skin changes colour to match your surroundings (Stealth).
Your rubbery body absorbs attacks (AC +1).


Message History

The two-headed ogre is moderately wounded.
The two-headed ogre hits you with a giant club!!
The two-headed ogre hits you but does no damage.
Casting: Freeze
Confirm with . or Enter, or press ? or * to list all spells.
Aiming: Freeze
Press: ? - help, Shift-Dir - straight line, f/p - two-headed ogre
Aim: a two-headed ogre, wielding two giant clubs (moderately wounded)
You freeze the two-headed ogre.
The two-headed ogre is moderately wounded.
Casting: Freeze
Confirm with . or Enter, or press ? or * to list all spells.
Aiming: Freeze
Press: ? - help, Shift-Dir - straight line, f/p - two-headed ogre
Aim: a two-headed ogre, wielding two giant clubs (moderately wounded)
You freeze the two-headed ogre.
The two-headed ogre is heavily wounded.
The two-headed ogre hits you with a giant club!!
Ouch! That really hurt!
You die...

.###.###.### ....#
##..# .###.# #.#.#
......#.##.#
######.# #.# ##
.......# #.# #.#
######## #.# #####.#
.....#####[###...O#
.........#......@##
#........#..##....#
.........#).###.##.#
............# #.#
#.# #........##.#
#.# ## #........##.#
#.# #....
#...........# #.#
#.#O# #.######.####
#.# #.#.#
#.######.######.#
#.#.#


You could see a two-headed ogre.

Vanquished Creatures
  Menkaure (D:4)
  The ghost of Duffy the Conjurer, an amateur VSWz (D:3)
  A scorpion (D:5)
  A hound (D:4)
  2 jellies (D:5)
  An orc wizard (D:5)
  Crazy Yiuf (D:4)
  3 worker ants
  A hound skeleton (D:4)
  3 gnolls (D:3)
  4 adders
  2 shadow imps (D:5)
  2 oozes
  2 worms (D:2)
  8 giant geckos
  6 orcs
  6 giant cockroaches
  8 goblins
  7 hobgoblins
  5 jackals
  A quokka (D:2)
  A ball python (D:2)
  9 bats
  4 giant newts
  9 kobolds
  8 rats
97 creatures vanquished.

Vanquished Creatures (others)
  A hound zombie (D:5)
1 creature vanquished.

Grand Total: 98 creatures vanquished

Notes
Turn   | Place    | Note
--------------------------------------------------------------
     0 | D:1      | dvd the Octopode Ice Elementalist began the quest for the Orb.
     0 | D:1      | Reached XP level 1. HP: 11/11 MP: 3/3
   260 | D:1      | Reached XP level 2. HP: 3/17 MP: 0/5
   626 | D:1      | Learned a level 2 spell: Throw Frost
  1006 | D:1      | Reached XP level 3. HP: 21/21 MP: 0/6
  1075 | D:1      | Learned a level 3 spell: Ozocubu's Armour
  1598 | D:2      | Found a bloodstained altar of Trog.
  1802 | D:2      | Reached XP level 4. HP: 24/27 MP: 5/7
  2534 | D:2      | Reached skill level 4 in Stealth
  2714 | D:3      | Found an iron altar of Okawaru.
  2770 | D:3      | Noticed Duffy's ghost (amateur VSWz)
  2800 | D:3      | Killed Duffy's ghost
  2800 | D:3      | Reached XP level 5. HP: 21/32 MP: 6/9
  3343 | D:3      | Reached XP level 6. HP: 37/37 MP: 1/10
  3420 | D:3      | Learned a level 4 spell: Condensation Shield
  3757 | D:4      | Reached skill level 1 in Fighting
  3788 | D:4      | Found a deep blue altar of Sif Muna.
  3791 | D:4      | Became a worshipper of Sif Muna the Loreminder
  3895 | D:4      | Noticed Menkaure
  3901 | D:4      | Killed Menkaure
  3901 | D:4      | Reached skill level 1 in Short Blades
  3901 | D:4      | Reached skill level 5 in Ice Magic
  3901 | D:4      | Reached XP level 7. HP: 43/43 MP: 8/12
  3920 | D:4      | Noticed Crazy Yiuf
  3927 | D:4      | Killed Crazy Yiuf
  3990 | D:4      | You fall through a shaft!
  3990 | D:5      | Entered Level 5 of the Dungeon
  4026 | D:5      | Reached skill level 5 in Stealth
  4466 | D:5      | Found Pymu's Assorted Antiques.
  4533 | D:5      | Noticed a two-headed ogre
  4538 | D:5      | Slain by a two-headed ogre

Vault maps used:
D:1:      ncdulo_halloftheorcs
D:2:      bloody_trog, first_bread
D:3:      okawaru_gym_becter
D:4:      lemuel_blue_sif_altar, uniq_crazy_yiuf_cottage, uniq_menkaure
D:5:      serial_shops, shop

Action                   |  1- 3 |  4- 6 |  7- 9 || total
-------------------------+-------+-------+-------++-------
Melee: Unarmed           |    32 |       |       ||    32
       Short sword       |     4 |    64 |       ||    68
       Rapier            |       |    16 |       ||    16
       Quarterstaff      |       |       |    17 ||    17
 Cast: Freeze            |    31 |    21 |    13 ||    65
       Throw Frost       |     6 |     9 |     6 ||    21
       Ozocubu's Armour  |       |    11 |     8 ||    19
 Stab: Sleeping          |     9 |    14 |     4 ||    27
       Paralysed         |       |       |     2 ||     2
  Eat: Chunk             |     3 |     8 |     3 ||    14
